[Event "Early-Titled-Tuesday-Blitz-February-13-2024"]
[Site "Chess.com"]
[Date "2024.02.13"]
[Round "2"]
[White "Levanzovsky"]
[Black "invisible_s0ul"]
[Result "1-0"]
[WhiteElo "2496"]
[BlackElo "2212"]
[TimeControl "180+1"]
[EndTime "8:20:12 PST"]
[Termination "Levanzovsky won on time"]

1. e4 c5 2. c3 Nf6 3. e5 Nd5 4. d4 cxd4 5. Nf3 Nc6 6. Bc4 Nb6 7. Bb3 d5 8. exd6 Qxd6 9. O-O e6 10. cxd4 Be7 11. Nc3 O-O 12. Ne4 Qd7 13. Nc5 Qc7 14. Be3 Nd5 15. Rc1 Bxc5 16. Rxc5 Qd6 17. Bxd5 exd5 18.
Qb3 Ne7 19. Rfc1 Be6 20. Qxb7 Rfb8 21. Qc7 Nf5 22. b3 Qa6 23. Ra5 Qe2 24. Bf4 Rc8 25.
Rxa7 h6 26. Rxa8 Rxa8 27. Qc2 Rxa2 28. Qxe2 Rxe2 29. Rb1 Bd7 30. h3 Re4 31. Be3 Nxe3 32. fxe3 Rxe3 33. Kf2 Rc3 34. Rb2 Bb5 35. b4 f6 36. Nd2 Rd3 37. Nb3 Bc4 38. Nc5 Rxd4 39. b5 Rd1 40. b6 Rf1+ 41. Kg3 Rf5 42. b7 Rg5+ 43. Kh2 Kh7 44. b8=Q 1-0

[Event "Early-Titled-Tuesday-Blitz-February-13-2024"]
[Site "Chess.com"]
[Date "2024.02.13"]
[Round "2"]
[White "kids2010"]
[Black "Brahianzevich"]
[Result "1-0"]
[WhiteElo "2822"]
[BlackElo "2423"]
[TimeControl "180+1"]
[EndTime "8:20:13 PST"]
[Termination "kids2010 won by checkmate"]

1. e4 c5 2. c3 Nf6 3. e5 Nd5 4.
Nf3 e6 5. d4 cxd4 6. cxd4 d6 7.
Bc4 Nc6 8. O-O Be7 9. Qe2 O-O 10. Nc3 dxe5 11. dxe5 Nxc3 12. bxc3 Bd7 13. Bd3 Qc7 14.
Qe4 g6 15. Re1 Rfd8 16. Bg5 Be8 17. Rad1 Rd5 18. c4 Rdd8 19. Qh4 Bxg5 20. Nxg5 h5 21. Qf4 Rd4 22. Ne4 Rad8 23. Nf6+ Kg7 24. Nxh5+ gxh5 25. Qg5+ Kf8 26. Qh6+ Ke7 27. Qf6+ Kf8 28. Re3 Nb4 29. Qh6+ Ke7 30. Qg5+ Kf8 31. Qh6+ Ke7 32. Qg5+ Kd7 33.
Be2 Kc8 34. Rxd4 Rxd4 35. Qxh5 Nc2 36. Rg3 Qd8 37. h4 Ne1 38. Rg8 Rd2 39. Qh8 Kc7 40. Bf1 Qd4 41. Qf6 Bc6 42. h5 Nd3 43. Bxd3 Rxd3 44.
h6 Rd1+ 45. Kh2 Qa1 46. Kg3 Rh1 47. Qd8# 1-0

[Event "Early-Titled-Tuesday-Blitz-February-13-2024"]
[Site "Chess.com"]
[Date "2024.02.13"]
[Round "2"]
[White "Gerodot71"]
[Black "BallottiLuca"]
[Result "1-0"]
[WhiteElo "2603"]
[BlackElo "2363"]
[TimeControl "180+1"]
[EndTime "8:20:13 PST"]
[Termination "Gerodot71 won by checkmate"]

1. e4 c5 2. Nf3 e6 3. d4 cxd4 4. Nxd4 Nf6 5. Nc3 Nc6 6. a3 Be7 7. Nxc6 bxc6 8. e5 Nd5 9. Qg4 g6 10. Ne4 f5 11. exf6 Nxf6 12. Nxf6+ Bxf6 13. Bd3 O-O 14. Bh6 Bg7 15. Bxg7 Kxg7 16. O-O Qf6 17. Qg3 e5 18. Rae1 d6 19. b4 Bf5 20. h3 a5 21.
Qe3 axb4 22. axb4 e4 23. Bxe4 Rae8 24. Qd3 d5 25. Bxf5 Qxf5 26. Qc3+ Qf6 27. Qc5 d4 28. Rxe8 Rxe8 29. Qc4 Qd6 30. Rd1 Re4 31. Qd3 Qd5 32. c3 dxc3 33. Qxc3+ Qe5 34. Rd7+ Kg8 35. Qb3+ Kh8 36.
Rd8+ Kg7 37. Qg8+ Kh6 38. Qf8+ Kh5 39. g4+ Kg5 40. Kg2 Re2 41. Rd3 Qe4+ 42. Rf3 Re1 43. Qd8+ Kh6 44. Qf8+ Kg5 45. Kh2 Re2 46. Kg3 Qe5+ 47.
Rf4 Qe4 48. h4# 1-0

[Event "Early-Titled-Tuesday-Blitz-February-13-2024"]
[Site "Chess.com"]
[Date "2024.02.13"]
[Round "2"]
[White "jk13"]
[Black "Andreikka"]
[Result "1-0"]
[WhiteElo "2665"]
[BlackElo "2961"]
[TimeControl "180+1"]
[EndTime "8:20:14 PST"]
[Termination "jk13 won on time"]

1. e4 c6 2. Nc3 d5 3. Nf3 Bg4 4. h3 Bxf3 5. Qxf3 e6 6. a3 Nf6 7.
d3 Nbd7 8. g3 g6 9. Bg2 Bg7 10.
O-O O-O 11. Qe2 b5 12. Kh1 a5 13. Bg5 Qc7 14. exd5 exd5 15. Qd2 Nc5 16. Bf4 Qb7 17. Bd6 Ne6 18. Bxf8 Rxf8 19. Rfe1 Nd7 20. f4 Ndc5 21. Ne2 Bxb2 22. Ra2 Bg7 23. Qxa5 Ra8 24. Qd2 b4 25. Rb1 b3 26. cxb3 Qa6 27. d4 Nd3 28. Qc3 Rd8 29.
b4 Nf2+ 30. Kh2 h5 31. f5 gxf5 32. Qf3 Ne4 33. Qxf5 Qd3 34. Rf1 Rd7 35. Rf3 Qd1 36.
Qxh5 Nd2 37. Rf2 Re7 38. Qf5 Nxd4 39. Nxd4 Bxd4 40. Qg5+ Kf8 41. Raxd2 Qc1 42. Qf4 Be3 43. Qb8+ Re8 44. Qd6+ Re7 45. Rde2 1-0

[Event "Early-Titled-Tuesday-Blitz-February-13-2024"]
[Site "Chess.com"]
[Date "2024.02.13"]
[Round "2"]
[White "Kirill_Klukin"]
[Black "marik_spb"]
[Result "1-0"]
[WhiteElo "2830"]
[BlackElo "2491"]
[TimeControl "180+1"]
[EndTime "8:20:14 PST"]
[Termination "Kirill_Klukin won on time"]

1. d4 Nf6 2. Nf3 d5 3. c4 e6 4.
Nc3 Bb4 5. Bd2 O-O 6. e3 c5 7. a3 Bxc3 8. Bxc3 Ne4 9. Rc1 Nc6 10. dxc5 Nxc5 11. cxd5 Qxd5 12. Qxd5 exd5 13. Bxg7 Kxg7 14. Rxc5 Be6 15. Bb5 Rac8 16. Bxc6 Rxc6 17. Rxc6 bxc6 18. b4 c5 19. bxc5 Rc8 20. Kd2 Rxc5 21. Rc1 Ra5 22. Rc3 Kf6 23. Nd4 h5 24. h4 Ra6 25. Kc2 Ke5 26. f3 Bd7 27. Rc7 Kd6 28. Rc3 Ke5 29.
Kb2 Rg6 30. Rc2 Ba4 31. Rd2 Rg8 32. Kc3 a5 33. Rb2 Bd7 34. Kd3 Bf5+ 35. Nxf5 Kxf5 36. Kd4 Ke6 37. Rb6+ Kf5 38. Rb5 Rxg2 39. Rxd5+ Kg6 40. Rxa5 Rh2 41. Ra8 Rxh4+ 42. f4 Rh1 43. a4 Rd1+ 44. Ke4 Kg7 45. Ke5 h4 46. Rc8 Ra1 47. Kf5 Rxa4 48. Kg4 Ra3 49. Re8 Kf6 50. Kxh4 Ra1 51. Kg3 Ra4 52.
Kf3 Rb4 53. Re4 Rb5 54. Ra4 Rc5 55. Ra6+ Kg7 56. Kg4 Rb5 57. e4 Rc5 58. e5 Rc1 59. Kf5 Re1 60. Ra7 Re2 61. Re7 Kf8 62. Kf6 Rf2 63. Rxf7+ Ke8 64. Ke6 Ra2 65. Rd7 Ra6+ 66. Rd6 Ra1 67. f5 Rf1 68. f6 Rf2 69. Ra6 Kd8 70.
Ra8+ Kc7 71. f7 Rxf7 72. Kxf7 1-0

[Event "Early-Titled-Tuesday-Blitz-February-13-2024"]
[Site "Chess.com"]
[Date "2024.02.13"]
[Round "2"]
[White "newyorkmouse"]
[Black "klimkoj"]
[Result "1-0"]
[WhiteElo "2653"]
[BlackElo "2930"]
[TimeControl "180+1"]
[EndTime "8:20:15 PST"]
[Termination "newyorkmouse won on time"]

1. Nf3 Nf6 2. g3 b5 3. Bg2 Bb7 4.
O-O e6 5. d4 c5 6. c3 cxd4 7.
cxd4 Be7 8. a4 b4 9. Nbd2 O-O 10. Re1 d5 11. a5 Ne4 12. Nb3 Ba6 13. Bf4 Nc6 14. h4 Rc8 15. h5 h6 16. Ne5 Nxe5 17.
Bxe5 Nf6 18. Bf3 Nd7 19. Bf4 Bg5 20. Qd2 Bxf4 21. Qxf4 Rc2 22. Rab1 Qb8 23. Qe3 Qd6 24. Kg2 Rfc8 25. Na1 R2c7 26. Nb3 e5 27. dxe5 Nxe5 28. Nd4 Nc4 29. Qf4 Qc5 30. Nf5 Kh8 31. Red1 Bb7 32.
a6 Ba8 33. b3 Nb6 34. Nd6 Rf8 35. Rbc1 Qxc1 36. Rxc1 Rd7 37. Bg4 Rdd8 38. Nxf7+ Kg8 39. Be6 Rde8 40. Qd6 d4+ 41. Kg1 Rxe6 42. Qxe6 Bd5 43. Nxh6+ Kh7 44. Qg6+ 1-0

[Event "Early-Titled-Tuesday-Blitz-February-13-2024"]
[Site "Chess.com"]
[Date "2024.02.13"]
[Round "2"]
[White "Dinosaurio_1975"]
[Black "kleinebeer98"]
[Result "0-1"]
[WhiteElo "2579"]
[BlackElo "2830"]
[TimeControl "180+1"]
[EndTime "8:20:17 PST"]
[Termination "kleinebeer98 won by resignation"]

1. e4 e5 2. Nf3 Nc6 3. Bc4 Nf6 4. d3 h6 5. O-O d6 6. Re1 g5 7. d4 g4 8. dxe5 gxf3 9. exf6 Qxf6 10. Qxf3 Qxf3 11.
gxf3 Bh3 12. Kh1 Nd4 13. Na3 Nxf3 14. Bf1 Bxf1 15. Rxf1 Rg8 16. Bf4 O-O-O 17. Rad1 Rg4 18. Bg3 Rxe4 19. Kg2 Ng5 20. Rfe1 c6 21. h4 Rxe1 22.
Rxe1 Ne6 23. Nc4 Nd4 24. c3 Nf5 25. Ne3 Nxe3+ 26. Rxe3 Kd7 27. Kf3 d5 28. Kg4 Bg7 29. Kf5 c5 30. Be5 Bxe5 31. Kxe5 Kc6 32. Kf6 d4 33. Rd3 dxc3 34. Rxc3 Rd4 35. h5 Rf4+ 36.
Kg7 Rxf2 37. Rb3 c4 38. Rc3 b5 39. b3 Kc5 40. bxc4 bxc4 41. Ra3 f5 42. Rxa7 f4 43. Kxh6 Rg2 44. Rf7 Rg4 45. Rg7 Rxg7 46. Kxg7 f3 47. h6 f2 48. h7 f1=Q 49. h8=Q Qa1+ 50. Kg8 Qxh8+ 51. Kxh8 c3 0-1

[Event "Early-Titled-Tuesday-Blitz-February-13-2024"]
[Site "Chess.com"]
[Date "2024.02.13"]
[Round "2"]
[White "DishonorOnYourCow"]
[Black "ProfessorChess101"]
[Result "1-0"]
[WhiteElo "2591"]
[BlackElo "2809"]
[TimeControl "180+1"]
[EndTime "8:20:17 PST"]
[Termination "DishonorOnYourCow won by resignation"]

1. d4 Nf6 2. c4 e6 3. Nf3 a6 4. Nc3 d5 5. cxd5 exd5 6. Bg5 Be6 7. e3 Nbd7 8. Bd3 h6 9. Bh4 g5 10. Bg3 Nh5 11. Qc2 c6 12. O-O-O Qa5 13. e4 dxe4 14. Bxe4 Nxg3 15. hxg3 Nf6 16. d5 cxd5 17. Bf5 Bg7 18. Bxe6 fxe6 19. Qg6+ Kf8 20. Ne5 Qc7 21. f4 Ne4 22. Qxe6 Bxe5 23. fxe5 Kg7 24. Rxd5 Rad8 25.
Rxd8 Qxd8 26. Nxe4 Qd3 27. Qf6+ Kg8 28. Qe6+ Kg7 29.
Rd1 Qe3+ 30. Rd2 Rf8 31. Nf6 Qc5+ 32. Kd1 Qg1+ 33. Kc2 Qc5+ 34. Kd3 Rd8+ 35. Ke2 Rxd2+ 36.
Kxd2 Qf2+ 37. Kc3 Qc5+ 38. Kd3 Qb5+ 39. Ke3 Qc5+ 40. Ke2 Qc2+ 41. Kf3 Qd1+ 42. Ke4 Qe2+ 43. Kd5 Qd3+ 44. Kc5 Qc2+ 45. Kd6 Qd3+ 46. Nd5 Qxg3 47.
Qf6+ Kh7 48. Qf7+ Kh8 49. Qf8+ Kh7 50. Nf6+ Kg6 51. Qe8+ Kf5 52. Qe6+ Kg6 53. Ne4+ 1-0

[Event "Early-Titled-Tuesday-Blitz-February-13-2024"]
[Site "Chess.com"]
[Date "2024.02.13"]
[Round "2"]
[White "Kaua18"]
[Black "Chernov_Alexander_A"]
[Result "1-0"]
[WhiteElo "2546"]
[BlackElo "2316"]
[TimeControl "180+1"]
[EndTime "8:20:18 PST"]
[Termination "Kaua18 won on time"]

1. e4 d6 2. d4 Nf6 3. Nc3 Nbd7 4. Nf3 e5 5. Bc4 Be7 6. g4 h6 7. Rg1 c6 8. dxe5 Nxe5 9. Nxe5 dxe5 10. Qf3 b5 11.
Bb3 Qc7 12. h4 Bc5 13. g5 hxg5 14. Bxg5 Nh5 15. O-O-O f6 16. Be3 Bxe3+ 17. Qxe3 Bd7 18. Qc5 O-O-O 19. a4 a6 20. Na2 Kb7 21. Kb1 Qb6 22. Qe7 Qc7 23. Rd3 Nf4 24. Rd2 Bc8 25. Rxg7 Qxe7 26.
Rxe7+ Kb6 27. Rxd8 Rxd8 28. Nb4 a5 29. Nd3 Nxd3 30.
cxd3 Rxd3 31. Ka2 Rh3 32. Rh7 Rh2 33. h5 bxa4 34. Bf7 Bg4 35. h6 Bf3 36. Bg6 Rxf2 37. Rh8 Bd1 38. Rb8+ Ka7 39. h7 Bb3+ 40. Ka3 Rf1 41.
Ra8+ Kb6 42. Rb8+ Kc5 43. Rxb3 Rh1 44. Kxa4 1-0

[Event "Early-Titled-Tuesday-Blitz-February-13-2024"]
[Site "Chess.com"]
[Date "2024.02.13"]
[Round "2"]
[White "HanSchut"]
[Black "GaiozNigalidze"]
[Result "0-1"]
[WhiteElo "2267"]
[BlackElo "2708"]
[TimeControl "180+1"]
[EndTime "8:20:19 PST"]
[Termination "GaiozNigalidze won by resignation"]

1. e4 c5 2. Nf3 d6 3. d4 cxd4 4. Nxd4 Nf6 5. f3 e5 6. Bb5+ Nbd7 7. Nf5 a6 8. Ba4 Qc7 9. Nc3 b5 10. Bb3 Bb7 11. Bg5 h6 12. Bh4 g6 13. Ne3 Bg7 14. Qd2 Nc5 15. Rd1 O-O 16. Qxd6 Qxd6 17. Rxd6 Nh5 18. Ned5 Nxb3 19. axb3 Nf4 20. O-O Bxd5 21. Nxd5 Ne2+ 22. Kh1 Nd4 23. Rf2 g5 24. Bg3 a5 25.
Ne7+ Kh7 26. Nf5 Nxf5 27. exf5 a4 28. bxa4 Rxa4 29. h3 e4 30. b3 Ra1+ 31. Kh2 exf3 32. Rxf3 Bb2 33. Re3 Rf1 34. Be5 Bc1 35. Rf3 Rxf3 36.
gxf3 Bf4+ 37. Bxf4 gxf4 38. Rd5 Rc8 39. Rd2 Rc3 40. Kg2 Kg7 41. Kf2 Kf6 42. Ke2 Kg5 43.
Kd1 Kh4 44. Rd5 Rxf3 45. Rxb5 Kxh3 46. f6 Kg2 47. Rh5 Rh3 48. Rf5 f3 49. b4 Rh1+ 50.
Kd2 f2 51. Ke2 f1=Q+ 52. Rxf1 Rxf1 0-1

[Event "Early-Titled-Tuesday-Blitz-February-13-2024"]
[Site "Chess.com"]
[Date "2024.02.13"]
[Round "2"]
[White "Gabrielian_Artur"]
[Black "toog"]
[Result "1-0"]
[WhiteElo "2780"]
[BlackElo "2552"]
[TimeControl "180+1"]
[EndTime "8:20:20 PST"]
[Termination "Gabrielian_Artur won by resignation"]

1. e4 c5 2. Nf3 d6 3. d4 cxd4 4. Nxd4 Nf6 5. Nc3 a6 6. Bc4 e6 7. Be3 Nbd7 8. f3 Nc5 9. b4 b5 10. Bxb5+ axb5 11. bxc5 Qa5 12. Qd2 b4 13. Ncb5 Ba6 14.
Nxd6+ Bxd6 15. cxd6 O-O 16. Kf2 Rac8 17. a3 Qe5 18.
axb4 Qxd6 19. Ra5 e5 20. Nf5 Qxd2+ 21. Bxd2 Rxc2 22. Rd1 Bc4 23. Ne3 Bb3 24. Nxc2 Bxc2 25.
Rc1 Bb3 26. Rxe5 Be6 27. Rec5 Rb8 28. b5 Kf8 29. Bf4 Rb7 30. Bc7 Ke8 31. b6 Nd7 32. Rb5 Ke7 33. Rb4 f6 34. Ke3 h5 35. Ra1 Nc5 36. Ra7 h4 37. Rxb7 Nxb7 38. Kd4 Bd7 39. Rb2 Bc6 40. g3 hxg3 41. hxg3 Ke6 42. f4 g6 43. g4 f5 44. exf5+ gxf5 45. g5 Kf7 46. Ke5 Kg6 47. Rd2 Be4 48. Rd6+ Nxd6 49. Kxd6 Bb7 50. Ke7 Be4 51. Be5 Bd5 52. Kd6 Be4 53. Kc7 Kh5 54. b7 Bxb7 55. Kxb7 Kg4 56. Kc6 1-0

[Event "Early-Titled-Tuesday-Blitz-February-13-2024"]
[Site "Chess.com"]
[Date "2024.02.13"]
[Round "2"]
[White "KaterynaLagno"]
[Black "cthulhuuu"]
[Result "1-0"]
[WhiteElo "2810"]
[BlackElo "2422"]
[TimeControl "180+1"]
[EndTime "8:20:21 PST"]
[Termination "KaterynaLagno won on time"]

1. e4 d6 2. d4 Nf6 3. Nc3 c6 4.
Nf3 Bg4 5. h3 Bh5 6. g4 Bg6 7.
Qe2 e6 8. g5 Nh5 9. Nh4 d5 10.
exd5 cxd5 11. Bg2 Nc6 12. Nxg6 hxg6 13. Nxd5 Nxd4 14. Qe4 Qxd5 15. Be3 Qxe4 16. Bxe4 Nc6 17. O-O-O Rd8 18. c3 Bd6 19. b4 Bf4 20. Kc2 Bxe3 21.
fxe3 Ng3 22. Bxc6+ bxc6 23. Rxd8+ Kxd8 24. Rh2 Ne4 25. h4 Nxg5 26. Rd2+ Kc7 27. hxg5 Rh3 28. Rf2 Rxe3 29. Rxf7+ Kb6 30. Rxg7 Re2+ 31. Kb3 Rg2 32.
Rxg6 e5 33. Rg8 e4 34. Kc4 e3 35. Kd3 e2 36. Kd2 a5 37. a4 axb4 38. cxb4 Rg4 39. g6 Kb7 40. Kxe2 Rxb4 41. Kf3 Rb1 42.
Ke4 Rg1 43. Kf5 c5 44. Re8 Kb6 45. Re4 Rf1+ 46. Rf4 Rd1 47. g7 Rd8 48. Ke6 Rg8 49. Kf7 Ra8 50. g8=Q Rxg8 51. Kxg8 1-0

[Event "Early-Titled-Tuesday-Blitz-February-13-2024"]
[Site "Chess.com"]
[Date "2024.02.13"]
[Round "2"]
[White "Sam_ChessMood"]
[Black "Trendle"]
[Result "1-0"]
[WhiteElo "2925"]
[BlackElo "2627"]
[TimeControl "180+1"]
[EndTime "8:20:22 PST"]
[Termination "Sam_ChessMood won on time"]

1. d4 e6 2. c4 f5 3. g3 Nf6 4.
Bg2 c6 5. Nd2 Be7 6. e4 fxe4 7.
Nxe4 d5 8. Nxf6+ Bxf6 9. Nf3 dxc4 10. O-O Nd7 11. Qc2 Nb6 12. a4 a5 13. h4 Nd5 14.
Qxc4 O-O 15. Re1 Qd6 16. Bd2 b6 17. Rac1 Bb7 18. Ng5 Bxg5 19. hxg5 Rac8 20. Qe2 Rfe8 21. Be4 g6 22. Qg4 Ne7 23. Bf4 Qd7 24. Be5 Nf5 25. Rcd1 Qf7 26. Qf4 Rf8 27. Bf6 Ne7 28. Qe5 Nf5 29. g4 Ng7 30. Rd3 Ne8 31. Rf3 c5 32. Bxb7 Qxb7 33. Qxe6+ Rf7 34. Rf4 Nc7 35. Qxf7+ Kxf7 36.
Re7+ Kf8 37. Rxh7 Ke8 38. Re7+ Kf8 39. Rh7 Ke8 40. f3 Qc6 41. Re4+ Ne6 42. Re7+ Kf8 43.
R7xe6 Qd5 44. Re7 cxd4 45. Rh7 1-0

[Event "Early-Titled-Tuesday-Blitz-February-13-2024"]
[Site "Chess.com"]
[Date "2024.02.13"]
[Round "2"]
[White "K_A_S_T_O_R"]
[Black "viktorskliarov"]
[Result "1-0"]
[WhiteElo "2876"]
[BlackElo "2602"]
[TimeControl "180+1"]
[EndTime "8:20:22 PST"]
[Termination "K_A_S_T_O_R won by resignation"]

1. e4 c5 2. Nf3 Nc6 3. d4 cxd4 4. Nxd4 Nf6 5. Nc3 e5 6. Ndb5 d6 7. Bg5 a6 8. Na3 b5 9. Nd5 Be7 10. Bxf6 Bxf6 11. c3 O-O 12. Nc2 Rb8 13. Be2 Bg5 14. O-O Ne7 15. Ncb4 Bb7 16. Qd3 a5 17. Nxe7+ Bxe7 18.
Nd5 Bxd5 19. Qxd5 b4 20. Bb5 bxc3 21. bxc3 Qb6 22. c4 Qd4 23. Rad1 Qxd5 24. Rxd5 Rb6 25. a4 g6 26. g3 Ra8 27. f4 exf4 28. gxf4 Bd8 29.
Kg2 Bc7 30. Kf3 Rbb8 31. Rfd1 Rd8 32. c5 dxc5 33. Rd7 Rxd7 34. Rxd7 Ra7 35. Bc4 Bb6 36. Rd6 Bc7 37. Rc6 Kg7 38. Rxc5 Bd6 39. Rc6 Bb4 40. e5 Re7 41. Ke4 h5 42. Bd5 Rd7 43. Rc4 Re7 44.
Bc6 Rc7 45. Kd5 Re7 46. Rc2 Rc7 47. Rf2 Re7 48. Rg2 Rc7 49. f5 Rc8 50. f6+ Kh6 51. Bd7 Rc5+ 52. Kd4 Rc1 53. e6 Bc3+ 54. Kd3 Bxf6 55.
exf7 Kg7 56. Be8 g5 57. Rf2 Be7 58. Rf5 Rc5 59. Rf2 g4 60. Kd4 Rc7 61. Rf5 Bf8 62.
Rxa5 h4 63. Rg5+ Kf6 64. Rxg4 h3 65. Rg3 Bc5+ 66. Kd5 Bf8 67. Rxh3 Rc5+ 68. Kd4 Ra5 69. Rh8 1-0

[Event "Early-Titled-Tuesday-Blitz-February-13-2024"]
[Site "Chess.com"]
[Date "2024.02.13"]
[Round "2"]
[White "Hui_Li_Macau"]
[Black "HaryKane"]
[Result "0-1"]
[WhiteElo "2358"]
[BlackElo "2571"]
[TimeControl "180+1"]
[EndTime "8:20:22 PST"]
[Termination "HaryKane won by resignation"]

1. e4 c6 2. d4 d5 3. Nd2 dxe4 4. Nxe4 Nd7 5. Ng5 e6 6. Bd3 Ngf6 7. N1f3 Bd6 8. Qe2 Nb6 9. Bd2 Qc7 10. O-O-O Bf4 11.
Kb1 Bxd2 12. Qxd2 h6 13. Ne4 Nxe4 14. Bxe4 Nc4 15. Qb4 Nd6 16. Bd3 a5 17. Qd2 b5 18.
Ne5 Bb7 19. Rhe1 O-O-O 20. Qf4 Kb8 21. Qg3 g6 22. c3 b4 23. Ka1 Ka7 24. f3 c5 25. Qf2 c4 26. Bc2 Bd5 27. Ba4 Rb8 28.
Rb1 Rb7 29. Ng4 h5 30. Ne3 Rhb8 31. Qe2 Qb6 32. Nxd5 exd5 33. Qe5 bxc3 34. Re2 Nf5 35. Qxd5 Nxd4 36. Rf2 Rd8 37. Qxc4 Nb3+ 38. Qxb3 Qxf2 39. Qxc3 Qb6 40. Bb3 Rc7 41. Qe5 Rdc8 42. Qe4 Rc1 43. Qd3 Qg1 44. a3 Rxb1+ 45. Qxb1 Rc1 46. Ba2 Rxb1+ 47. Bxb1 Qxg2 0-1

[Event "Early-Titled-Tuesday-Blitz-February-13-2024"]
[Site "Chess.com"]
[Date "2024.02.13"]
[Round "2"]
[White "MikeSailer"]
[Black "Alex_Terzi"]
[Result "0-1"]
[WhiteElo "2167"]
[BlackElo "2486"]
[TimeControl "180+1"]
[EndTime "8:20:23 PST"]
[Termination "Alex_Terzi won on time"]

1. d4 Nf6 2. Bf4 d5 3. e3 e6 4.
Nf3 Bd6 5. Bd3 O-O 6. O-O b6 7. Nbd2 Ba6 8. Ne5 Bxd3 9. cxd3 c5 10. Ndf3 Qe7 11. Bg5 h6 12. Bh4 Rc8 13. Qa4 a6 14. Rac1 Ra7 15. dxc5 bxc5 16. d4 Rac7 17. dxc5 Rxc5 18.
Rxc5 Rxc5 19. a3 Qc7 20. Bxf6 gxf6 21. Qe8+ Kg7 22. Nd3 Rc2 23. g3 Qd7 24. Qxd7 Nxd7 25. Rd1 Nc5 26. Nd4 Rc4 27. Nxc5 Bxc5 28. Rd2 f5 29.
Kf1 Kf6 30. Ke2 Bb6 31. Kd3 Rc1 32. h4 e5 33. Nb3 Rf1 34. Ke2 Rb1 35. Rc2 Kg7 36. Nc1 d4 37. Nd3 e4 38. exd4 exd3+ 39. Kxd3 Rd1+ 40. Kc4 Rxd4+ 41. Kc3 Rd6 42. Re2 Rc6+ 43.
Kb3 Bd4 44. Kb4 Rb6+ 45. Kc4 Rxb2 46. Kxd4 Rxe2 0-1

[Event "Early-Titled-Tuesday-Blitz-February-13-2024"]
[Site "Chess.com"]
[Date "2024.02.13"]
[Round "2"]
[White "Aash20"]
[Black "campochess"]
[Result "1-0"]
[WhiteElo "2459"]
[BlackElo "2118"]
[TimeControl "180+1"]
[EndTime "8:20:23 PST"]
[Termination "Aash20 won on time"]

1. e4 c5 2. Nf3 Nc6 3. Bb5 e5 4. O-O Bd6 5. c3 Nge7 6. d4 Qc7 7. h3 O-O 8. Be3 b6 9. Nbd2 Kh8 10. Nc4 f5 11.
Nxd6 Qxd6 12. dxc5 Qxd1 13. Raxd1 f4 14. Bc1 bxc5 15.
Bxc6 Nxc6 16. Rd5 Ba6 17. Re1 Bc4 18. Rxd7 Bxa2 19. Rc7 Na5 20. Rxc5 Nb3 21. Rxe5 Rab8 22. Re7 Nxc1 23. Rxc1 Rxb2 24. Rxa7 Bb1 25. e5 Be4 26. Ng5 Bf5 27. c4 h6 28. Nf7+ Kg8 29. Nd6 Be6 30.
Re7 Bf5 31. c5 Bd3 32. c6 f3 33. g4 Ba6 34. c7 h5 35. c8=Q Bxc8 36. Rxc8 Rxc8 37.
Nxc8 hxg4 38. hxg4 Rb4 39. e6 Rxg4+ 40. Kh2 Rg2+ 41.
Kh3 Rxf2 42. Kg3 Rc2 43. Re8+ Kh7 44. Kxf3 Kg6 45. Nd6 Kf6 46. Ne4+ Ke5 47. Nf2 Rc3+ 48.
Ke2 Rc6 49. e7 Kf6 50. Nd3 Re6+ 51. Kf3 Rxe7 52. Ra8 Rd7 53. Nf4 Ke7 54. Ke4 Rb7 55. Ke5 Kf7 56. Nd5 Rd7 57. Rc8 Ra7 58. Ne3 Ra5+ 59.
Kf4 Ke6 60. Rc7 1-0

[Event "Early-Titled-Tuesday-Blitz-February-13-2024"]
[Site "Chess.com"]
[Date "2024.02.13"]
[Round "2"]
[White "Egor_Koshulyan"]
[Black "mitrabhaa"]
[Result "0-1"]
[WhiteElo "2625"]
[BlackElo "2924"]
[TimeControl "180+1"]
[EndTime "8:20:24 PST"]
[Termination "mitrabhaa won by resignation"]

1. f4 d5 2. Nf3 Nf6 3. g3 b5 4.
Bg2 Bb7 5. O-O e6 6. d3 c5 7. e4 dxe4 8. Ng5 Nbd7 9. Nxe4 Nxe4 10. dxe4 c4 11. Be3 Bc5 12. Qe2 Qb6 13. Bxc5 Nxc5 14.
Kh1 h5 15. Nc3 h4 16. g4 h3 17. Bf3 b4 18. Nd1 c3 19. bxc3 Ba6 20. c4 Rc8 21. Ne3 Na4 22. f5 Nb2 23. fxe6 Qxe6 24. Nf5 O-O 25. Qe3 Rfe8 26. Qd4 Qe5 27. Qxa7 Bxc4 28. Rf2 Nd3 29. Rff1 Nf4 30. Rfe1 Be2 31. Qf2 Rxc2 32. Rac1 Rxc1 33. Rxc1 Nd3 34. Qxe2 Nxc1 35. Qc4 Qc3 36. Qf1 Nxa2 37. g5 Qc1 38. Bd1 Qxg5 39. Nd6 Qg2+ 40. Qxg2 hxg2+ 41. Kxg2 Rd8 42. e5 Nc1 43. Kf3 b3 44. Ke3 b2 45. Bc2 Na2 46. Kd2 f6 47. Bb3+ Kf8 48. Bxa2 fxe5 49. Kc2 Rxd6 50. Kxb2 Rd2+ 51. Ka3 Rxh2 52. Bd5 Ke7 53. Kb4 Kd6 54. Be4 Rh4 55. Kc3 Rxe4 0-1

[Event "Early-Titled-Tuesday-Blitz-February-13-2024"]
[Site "Chess.com"]
[Date "2024.02.13"]
[Round "2"]
[White "carloseduar100"]
[Black "GulenayAydin"]
[Result "1-0"]
[WhiteElo "2356"]
[BlackElo "2532"]
[TimeControl "180+1"]
[EndTime "8:20:25 PST"]
[Termination "carloseduar100 won by checkmate"]

1. d4 Nf6 2. Bg5 g6 3. Bxf6 exf6 4. g3 Bg7 5. Bg2 O-O 6. e3 d5 7. Ne2 c6 8. O-O f5 9. Nd2 Nd7 10. c4 dxc4 11. Nxc4 Nf6 12. b4 Be6 13. Na5 Qe7 14. a3 Ne4 15. Nf4 h5 16. Rc1 h4 17. Qc2 hxg3 18.
hxg3 Nd6 19. Rfd1 Rac8 20. Qa4 a6 21. d5 cxd5 22. Nxd5 Bxd5 23. Bxd5 Nb5 24. Bxb7 Rb8 25. Bxa6 Nc3 26. Rxc3 Bxc3 27. Nc6 Qe8 28. b5 Ra8 29. Qc4 Bf6 30. a4 Kg7 31. a5 Rh8 32. Bb7 Qg8 33. Bxa8 Qxa8 34. a6 Qg8 35. Qd5 Qh7 36. a7 Qh2+ 37. Kf1 Ra8 38. b6 Qh5 39. Nb4 Rh8 40. b7 Qg4 41. a8=Q Rh2 42. Qh1 Rxh1+ 43. Kg2 Qh3+ 44.
Kf3 Qg4+ 45. Kg2 Qxd1 46. b8=Q Rg1+ 47. Kh2 Rh1+ 48. Qxh1 Qh5+ 49. Kg2 Qg4 50. Qf4 Qe2 51. Qhh6+ Kg8 52. Qb8+ Bd8 53. Qxd8# 1-0

[Event "Early-Titled-Tuesday-Blitz-February-13-2024"]
[Site "Chess.com"]
[Date "2024.02.13"]
[Round "2"]
[White "Onischuk_V"]
[Black "ama18"]
[Result "1-0"]
[WhiteElo "2793"]
[BlackElo "2562"]
[TimeControl "180+1"]
[EndTime "8:20:27 PST"]
[Termination "Onischuk_V won on time"]

1. e4 c5 2. Nf3 d6 3. d4 cxd4 4. Nxd4 Nf6 5. Nc3 a6 6. a4 Nc6 7. Nxc6 bxc6 8. a5 g6 9. Be3 Bg7 10. e5 Nd5 11. Nxd5 cxd5 12. Qxd5 Be6 13. Qc6+ Bd7 14.
Qb7 Bxe5 15. Bb6 Qc8 16. Qxc8+ Bxc8 17. c3 O-O 18. O-O-O Bf5 19. g3 Be4 20. Rg1 Bf3 21. Rd3 Bc6 22. f4 Bg7 23. Rd2 Rfc8 24. Bh3 f5 25. g4 fxg4 26. Bxg4 Rf8 27. Be6+ Kh8 28. Rf2 Rf6 29. Re1 Raf8 30. Bc4 e5 31. Bxa6 Bh6 32. Bd3 Bxf4+ 33. Kb1 Kg7 34. a6 d5 35. a7 R6f7 36.
Bc5 Rd8 37. b4 e4 38. Bc2 Be5 39. Rxf7+ Kxf7 40. Kb2 Ke6 41. Ra1 Ba8 42. Ra6+ Kf5 43. b5 Bxh2 44. b6 Rc8 45. Bd4 Bb7 46. Ra5 Bd6 47. Bb3 Ke6 48. Rxd5 Bxd5 49. Bxd5+ Kxd5 50. b7 Rb8 51. a8=Q h5 52. Ba7 1-0

[Event "Early-Titled-Tuesday-Blitz-February-13-2024"]
[Site "Chess.com"]
[Date "2024.02.13"]
[Round "2"]
[White "Mackster23"]
[Black "dropstoneDP"]
[Result "1/2-1/2"]
[WhiteElo "2690"]
[BlackElo "3064"]
[TimeControl "180+1"]
[EndTime "8:20:28 PST"]
[Termination "Game drawn - insufficient material"]

1. e4 e5 2. Nf3 Nf6 3. d4 Nxe4 4. Bd3 d5 5. Nxe5 Nd7 6. Nc3 Bb4 7. O-O Nxe5 8. dxe5 Nxc3 9. bxc3 Bxc3 10. Rb1 O-O 11. Bxh7+ Kxh7 12. Qd3+ Kg8 13. Qxc3 a5 14. Rd1 Ra6 15.
Qf3 Qh4 16. Rxd5 Qc4 17. Qb3 Rc6 18. Qxc4 Rxc4 19. Rxa5 Rxc2 20. Be3 b6 21. Ra8 Bf5 22. Rxf8+ Kxf8 23. Rc1 Rxc1+ 24. Bxc1 Be6 25. a3 Ke7 26. f3 Bd5 27. Kf2 Ke6 28. Bb2 c5 29. Ke3 b5 30.
g4 g5 31. f4 gxf4+ 32. Kxf4 b4 33. axb4 cxb4 34. h4 Bb3 35. h5 Bd1 36. Kg3 b3 37.
Kh4 Be2 38. g5 Bd3 39. g6 fxg6 40. h6 g5+ 41. Kxg5 Bh7 42. Kf4 Kd5 43. Kg5 Ke6 44.
Ba1 Bb1 45. Kf4 Bh7 46. Ke3 Kd5 47. Kd2 Bg6 48. Kc1 Bh7 49. Bc3 Ke6 50. Kb2 Bc2 51. Ka3 Kf7 52. Kb2 Ke6 53. Ka3 Kf7 54. Kb4 Kg6 55. e6 Kxh6 56. e7 Bg6 57. Kxb3 Be8 58. Kc4 Kg6 59. Kc5 Kf7 60. Kd6 Ba4 61.
Bb4 Be8 62. Kc7 Ba4 63. Kd8 Be8 64. Bc3 Ba4 65. e8=Q+ Bxe8 1/2-1/2